 Dungeon Crawl Stone Soup version 0.20-a0-983-g35de22d (webtiles) character file.

67 M4edhros the Changer (level 4, -1/31 HPs)
             Began as a Spriggan Transmuter on Apr 10, 2017.
             Slain by a two-headed ogre
             ... wielding a +0 giant club
              (17 damage)
             ... on level 3 of the Dungeon.
             The game lasted 00:03:44 (560 turns).

M4edhros the Changer (Spriggan Transmuter)           Turns: 560, Time: 00:03:53

Health: -1/31      AC: 22    Str:  7    XL:     4   Next: 0%
Magic:  1/9        EV:  4    Int: 14    God:
Gold:   70         SH:  0    Dex: 16    Spells: 5/8 levels left

rFire    . . .     SeeInvis +     - Unarmed
rCold    . . .     Gourm    .   (shield restricted)
rNeg     + + +     Faith    .   (armour currently unavailable)
rPois    +         Spirit   .   (helmet currently unavailable)
rElec    .         Reflect  .   (cloak currently unavailable)
rCorr    .         Harm     .   (gloves unavailable)
MR       .....     NoTele   +   (boots unavailable)
Stlth    +.........             (no amulet)
Regen    0.1/turn               (no ring)
MPRegen  0.2/turn               (no ring)

@: tree-form
A: unfitting armour, see invisible, herbivore 3, slow metabolism 2
a: no special abilities


You were on level 3 of the Dungeon.
You were not hungry.
You were a tree.
You visited 1 branch of the dungeon, and saw 3 of its levels.

You collected 70 gold pieces.

Inventory:

Missiles
 h - 7 curare-tipped needles
Armour
 b - a +0 robe (melded)
Scrolls
 e - a scroll of enchant weapon {unknown}
 f - a scroll of remove curse {unknown}
 g - a scroll of teleportation {unknown}
Potions
 k - a potion of might {unknown}
Books
 c - a book of Changes

   Spells                             Type                      Level
   a - Beastly Appendage              Transmutation                1
   b - Sticks to Snakes               Transmutation                2
   c - Spider Form                    Transmutation/Poison         3
   d - Ice Form                       Ice/Transmutation            4
   e - Blade Hands                    Transmutation                5
Comestibles
 d - a bread ration
 j - 3 royal jellies


   Skills:
 - Level 0.7 Fighting
 - Level 3.0 Dodging
 + Level 3.0 Unarmed Combat
 - Level 2.6 Spellcasting
 * Level 5.0 Transmutations


You had 5 spell levels left.
You knew the following spells:

 Your Spells              Type           Power        Failure   Level  Hunger
a - Beastly Appendage     Tmut           ###...       2%          1    #......
b - Sticks to Snakes      Tmut           ###.....     4%          2    ###....


Dungeon Overview and Level Annotations

Branches:
Dungeon (3/15)

Altars:
Fedhas


Innate Abilities, Weirdness & Mutations

You are very small and have problems with some larger weapons.
You are too small for most types of armour.
You have supernaturally acute eyesight. (SInv)
You are a herbivore.
((You cover ground extremely quickly.))
You need consume almost no food.


Message History

Confirm with . or Enter, or press ? or * to list all spells.
You create a snake!
You now have 2 arrows.
Casting: Sticks to Snakes
Confirm with . or Enter, or press ? or * to list all spells.
You create a snake!
You now have 1 arrow.
Casting: Sticks to Snakes
Confirm with . or Enter, or press ? or * to list all spells.
You create a snake!
You now have no arrows remaining.
You turn into a tree.
Your +0 robe melds into your body.
Your roots penetrate the ground.
Your ball python barely misses the two-headed ogre.
Your ball python bites the two-headed ogre but does no damage.
Your ball python bites the two-headed ogre.
You hit the two-headed ogre but do no damage.
The two-headed ogre is lightly wounded.
Your ball python bites the two-headed ogre but does no damage. x2
Your adder bites the two-headed ogre but does no damage.
The two-headed ogre hits you with a giant club!
Ouch! That really hurt!
You die...

#..# #..#######
#..<......
##.####### #.# #.#
##.## ##### ##...#
#S♣S#####.###.....
#.OS......# ..###
#.S.#####.###.##
##.#....O....#
...#.#########
#........#
######.#.# #.#.#
#.# #


You could see a two-headed ogre, a friendly adder and 3 friendly ball pythons.

Vanquished Creatures
  Terence (D:2)
  A dart slug (D:2)
  A ball python (D:2)
  2 bats (D:2)
  2 hobgoblins
  2 kobolds (D:2)
  A rat (D:2)
10 creatures vanquished.

Vanquished Creatures (collateral kills)
  Natasha (D:2)
  3 adders (D:2)
  A bat (D:2)
5 creatures vanquished.

Grand Total: 15 creatures vanquished

Notes
Turn   | Place    | Note
-------+----------+-------------------------------------------
     0 | D:1      | M4edhros the Spriggan Transmuter began the quest for the Orb.
     0 | D:1      | Reached XP level 1. HP: 9/9 MP: 5/5
   136 | D:2      | Noticed Terence
   152 | D:2      | Killed Terence
   152 | D:2      | Reached skill level 4 in Transmutations
   152 | D:2      | Reached XP level 2. HP: 11/14 MP: 6/6
   152 | D:2      | Reached XP level 3. HP: 13/17 MP: 8/8
   226 | D:2      | Noticed Natasha
   231 | D:2      | Learned a level 2 spell: Sticks to Snakes
   237 | D:2      | Killed Natasha
   442 | D:2      | Found a blossoming altar of Fedhas.
   519 | D:2      | Reached skill level 5 in Transmutations
   519 | D:2      | Reached XP level 4. HP: 9/21 MP: 6/9
   537 | D:3      | Noticed a two-headed ogre
   540 | D:3      | dungeon 3 TWO HEADED OGRE...
   560 | D:3      | Slain by a two-headed ogre

Vault maps used:
D:1:      dpeg_arrival_rhombus
D:2:      first_bread, minmay_misc_feat_square, fedhas_altar_3, uniq_natasha,
          uniq_terence
D:3:      nemelex_xobeh_ov_fountains_minmay

Skill      XL: |  1  2  3 |
---------------+----------+-----
Transmutations | 4 5 |  5.0
Unarmed Combat | 3 |  3.0
Fighting       | |  0.7
Dodging        | |  3.0
Spellcasting   | |  2.6

Action                   |  1- 3 |  4- 6 || total
-------------------------+-------+-------++-------
Melee: Unarmed           |    48 |     1 ||    49
       Kick              |     6 |       ||     6
       Headbutt          |     4 |       ||     4
 Cast: Beastly Appendage |     5 |       ||     5
       Sticks to Snakes  |     8 |     4 ||    12
  Use: Potion            |     1 |     1 ||     2
 Stab: Distracted        |     2 |       ||     2
Armor: Skin              |     5 |       ||     5
       Robe              |     4 |       ||     4
Dodge: Dodged            |    43 |       ||    43
